 Dungeon Crawl Stone Soup version 0.32-a0-43-g058985b245 (webtiles) character file.

Game seed: 18219943882055135601

509761 cforsyth the Wishgranter (level 26, -15/199 HPs)
             Began as a Djinni Warper on Feb 4, 2024.
             Demolished by a titan (45 damage)
             ... on level 4 of the Vaults on Feb 5, 2024.
             The game lasted 03:04:00 (92317 turns).

cforsyth the Wishgranter (Djinni Warper)           Turns: 92317, Time: 03:04:01

Health: -15/199    AC: 18    Str: 10    XL:     26   Next: 80%
Gold:   5017       EV: 22    Int: 28    God:
                   SH:  8    Dex: 16

rFire   + + .        a - +4 broad axe "Iteurruph" {holy, Will+++ Int+3 Dex-5 Stlth+}
rCold   + . .        g - +1 buckler {reflect}
rNeg    + . .        K - +3 leather armour of Miracles {rN+}
rPois   ∞            V - +4 helmet of the Snake Pit {rC++}
rElec   +            Q - +2 cloak
rCorr   +            z - +2 pair of gloves {Dex+3}
SInv    +            (boots unavailable)
Will    +++++        T - amulet of regeneration
Stlth   ++           P - ring of resist corrosion
HPRegen 1.33/turn    r - ring "Ywnopun" {rElec rPois Dex+3 SInv}
MPRegen 0.00/turn

%: reflection, infuse magic (-16 HP)
@: flying, studying 4 skills
A: sickness immunity, fire resistance 2, cold vulnerability 1, float, innate
caster, HP casting, extra vitality 1, teleportitis 1
}: 2/15 runes: decaying, gossamer
a: no special abilities


You were on level 4 of the Vaults.
You visited 10 branches of the dungeon, and saw 46 of its levels.
You visited 1 bazaar.
You also visited: Trove, Sewer, Ice Cave and Desolation.

You collected 7052 gold pieces.
You spent 2035 gold pieces at shops.

Inventory:

Hand Weapons
 a - the +4 broad axe "Iteurruph" (weapon) {holy, Will+++ Int+3 Dex-5 Stlth+}
   (You found it on level 13 of the Dungeon)

   Int+3:     It affects your intelligence (+3).
   Dex-5:     It affects your dexterity (-5).
   Will+++:   It greatly increases your willpower.
   Stlth+:    It makes you more stealthy.
 f - the +2 spear of Ravage {speed, rElec Will+++ Int-4 SInv}
   (You bought it in a shop on level 2 of the Orcish Mines)

   Int-4:     It affects your intelligence (-4).
   rElec:     It insulates you from electricity.
   Will+++:   It greatly increases your willpower.
   SInv:      It lets you see invisible.
 R - the +11 war axe of Foolhardiness {venom, rF++ Stlth+}
   (You took it off a deep elf zephyrmancer on level 3 of the Elven Halls)

   rF++:      It greatly protects you from fire.
   Stlth+:    It makes you more stealthy.
Armour
 g - a +1 buckler of reflection (worn)
 z - a +2 pair of gloves of dexterity (worn)
 G - a +0 troll leather armour
 K - the +3 leather armour of Miracles (worn) {rN+}
   (You found it on level 1 of the Depths)

   rN+:       It protects you from negative energy.
 Q - a +2 cloak (worn)
 V - the +4 helmet of the Snake Pit (worn) {rC++}
   (You acquired it on level 2 of the Orcish Mines)

   rC++:      It greatly protects you from cold.
Jewellery
 r - the ring "Ywnopun" (right hand) {rElec rPois Dex+3 SInv}
   (You acquired it on level 13 of the Dungeon)

   [ring of see invisible]

   Dex+3:     It affects your dexterity (+3).
   rElec:     It insulates you from electricity.
   rPois:     It protects you from poison SInv: It lets you see invisible.
 t - a ring of protection from cold
 F - the ring of Zommoska {Will+ Int+2 Dex+6}
   (You found it in the Desolation of Salt)

   [ring of dexterity]

   Int+2:     It affects your intelligence (+2).
   Dex+6:     It affects your dexterity (+6).
   Will+:     It increases your willpower.
 J - the ring "Fedem" {rElec rPois Int+2 SInv}
   (You found it on level 1 of the Spider Nest)

   [ring of see invisible]

   Int+2:     It affects your intelligence (+2).
   rElec:     It insulates you from electricity.
   rPois:     It protects you from poison SInv: It lets you see invisible.
 P - a ring of resist corrosion (left hand)
 S - the ring of the Townfolk {AC+4 Int+5}
   (You found it in the Desolation of Salt)

   [ring of protection]

   AC+4:      It affects your AC (+4).
   Int+5:     It affects your intelligence (+5).
 T - an amulet of regeneration (around neck)
 W - the ring of the Hare {EV+10}
   (You found it on level 3 of the Crypt)

   [ring of evasion]

   EV+10:     It affects your evasion (+10).
 Z - an amulet of reflection
Wands
 y - a wand of digging (34)
 B - a wand of acid (58)
 C - a wand of iceblast (50)
 L - a wand of flame (98)
 N - a wand of paralysis (39)
 O - a wand of mindburst (66)
Scrolls
 b - 11 scrolls of poison
 c - 6 scrolls of blinking
 e - 6 scrolls of immolation
 h - 10 scrolls of enchant weapon
 i - 7 scrolls of fear
 k - 2 scrolls of summoning
 m - 3 scrolls of brand weapon
 p - 12 scrolls of teleportation
 x - 6 scrolls of vulnerability
 D - 10 scrolls of fog
 H - 8 scrolls of revelation
 I - 4 scrolls of silence
 M - 5 scrolls of enchant armour
Potions
 d - 2 potions of heal wounds
 j - 10 potions of curing
 l - 2 potions of invisibility
 n - 5 potions of resistance
 o - 6 potions of ambrosia
 q - 5 potions of cancellation
 s - 6 potions of mutation
 u - 9 potions of enlightenment
 v - 8 potions of brilliance
 w - 9 potions of haste
 U - 4 potions of berserk rage
 X - 5 potions of attraction
 Y - 9 potions of lignification
Miscellaneous
 E - a phial of floods


   Skills:
 + Level 19.8 Fighting
 - Level 1.7 Long Blades
 - Level 0.7 Throwing
 + Level 5.1 Armour
 + Level 18.8 Dodging
 + Level 12.5 Shields
 O Level 27 Spellcasting
 O Level 27 Conjurations
 O Level 27 Hexes
 O Level 27 Summonings
 O Level 27 Necromancy
 O Level 27 Translocations
 O Level 27 Fire Magic
 O Level 27 Ice Magic
 O Level 27 Air Magic
 O Level 27 Earth Magic
 O Level 27 Alchemy


You knew the following spells:

 Your Spells              Type           Power      Damage    Failure   Level
a - Blink                 Tloc           100%       N/A       0%          2
b - Lesser Beckoning      Tloc           100%       N/A       0%          2
c - Teleport Other        Tloc           100%       N/A       0%          3
d - Manifold Assault      Tloc           100%       N/A       0%          4
e - Vhi's Electric Charg  Tloc/Air       100%       N/A       0%          4
f - Freeze                Ice            100%       1d10      0%          1
g - Searing Ray           Conj           100%       2d8       0%          2
h - Ensorcelled Hibernat  Hex/Ice        100%       N/A       0%          2
i - Airstrike             Air            56%        2d(8-24)  0%          4
j - Cause Fear            Hex            56%        N/A       0%          4
k - Metabolic Englaciati  Hex/Ice        56%        N/A       0%          5
l - Eringya's Noxious Bo  Alch           56%        4d6       0%          6
m - Starburst             Conj/Fire      56%        6d15      0%          6
n - Monstrous Menagerie   Summ           56%        N/A       0%          7
o - Lehudib's Crystal Sp  Conj/Erth      56%        10d13     1%          8
p - Orb of Destruction    Conj           56%        9d14      0%          7
q - Summon Horrible Thin  Summ           56%        N/A       1%          8
Your spell library was empty.

Dungeon Overview and Level Annotations

Branches:
Dungeon (15/15)            Temple (0/1) D:4            Lair (5/5) D:8
  Swamp (4/4) Lair:3       Spider (4/4) Lair:2        Slime (0/5) Lair:4
    Orc (2/2) D:9             Elf (3/3) Orc:2        Vaults (5/5) D:13
  Crypt (3/3) Vaults:2       Tomb (0/3) Crypt:3      Depths (4/4) D:15
   Hell (visited)             Zot (0/5) Depths:4      Sewer (visited)
  IceCv (visited)         Desolation (visited)
    Dis: Hell:1         Geh: Hell:1         Coc: Hell:1         Tar: Hell:1

Altars:
Ashenzari
Elyvilon
Fedhas
Makhleb
Qazlal
Uskayaw
Wu Jian
Xom
Zin
Jiyva

Shops:
D:8 *   D:14 :!*   Orc:2 *([:!   Elf:1 ?   Elf:2 *(**(   Vaults:1 =
Vaults:2 (:   Vaults:4 =(   Depths:1 (*

Portals:
Hell: Depths:1 Depths:3 Depths:4
Abyss: Depths:1 Depths:3
Pandemonium: Depths:2 Depths:3 Depths:4
Ziggurat: Depths:3

Annotations:
Elf:2 3 runed translucent doors, Norris
Vaults:5 Frederick


Innate Abilities, Weirdness & Mutations

You are immune to sickness and miasma.
You are immune to poison.
Your flesh is very heat resistant. (rF++)
You are vulnerable to cold. (rC-)
You float through the air rather than walking.
You learn spells naturally, not from books.
Your magical power is your life essence.
You have superior vitality. (+4 MHP)
You are occasionally teleported next to monsters.


Message History

Casting: Starburst (safe; 0% risk of failure)
Press: ? - help, Dir - look around, f - activate The bolt of fire hits the shadow dragon!!!
The shadow dragon is moderately wounded.
The bolt of fire hits the vault guard!!!
You kill the vault guard!
The bolt of fire hits the dread lich!!
The dread lich resists.
The dread lich is heavily damaged.
The bolt of fire hits the vault guard!!!
You kill the vault guard!
The bolt of fire hits the titan!!!
The titan is moderately wounded.
The storm dragon breathes lightning at you.
The bolt of lightning hits you! You resist.
The vault guard hits you from afar with a +1 glaive!
The vault guard hits you from afar with a +3 halberd.
The shadow dragon breathes negative energy at you.
The bolt of negative energy misses you.
You hear an angry hiss.
You hear a shout!
You hear a deafening roar!
You hear a shout! x4; You hear two shouts!
You hear a shout! x2
You hear a deafening roar! x2; You hear a shout! x3
You hear a horrible gurgling sound!
Frederick casts a spell.
The bolt of lightning misses you. The fiery plasma hits you! You resist.
The vault guard hits you from afar with a +1 glaive!!
The titan hits you!!
* * * LOW HITPOINT WARNING * * *
You block the vault guard's attack.
You hear a shout! x4
You fly upwards.
There is a stone staircase leading down here.
Casting: Starburst (safe; 0% risk of failure)
Confirm with . or Enter, or press ? or * to list all spells.
Casting: Starburst (safe; 0% risk of failure)
Press: ? - help, Dir - look around, f - activate The bolt of fire hits the titan!!
The titan is severely wounded.
* * * LOW HITPOINT WARNING * * *
The titan hits you!!!
You die...

#..###.<.###..#
#..###....#...#
#.##.##.......#
#.....[.#######
####'##### #.......#
#.......#
#.......#############
#...@...#.#.#..^#.#.#
#..C....##.#.#.#.#.##
#.......'.#########.#
##########.#.#.#.#.##
#.#[#...###.#
#..#))...#..#
#.###...###.#
##.#.#.#.#.##
#.#########.#


You could see a titan.

Vanquished Creatures
  Mara (Vaults:2)
  A juggernaut (Depths:4)
  Sojobo (Vaults:2)
  Xtahua (Vaults:2)
  Bai Suzhen (Vaults:2)
  the Lernaean hydra (Swamp:4)
  Boris (Crypt:1)
  Geryon (Hell)
  Jory (Vaults:3)
  A profane servitor (Crypt:3)
  the Enchantress (Depths:4)
  2 bone dragons
  Arachne (Spider:2)
  Zenata (Crypt:1)
  Jorgrun (Spider:1)
  A tentacled monstrosity (Depths:1)
  4 liches
  Asterion (Spider:1)
  6 sphinxes
  3 titans (Depths:2)
  4 deep elf blademasters (Elf:3)
  A deep elf master archer (Elf:3)
  A walking frostbound tome (Depths:2)
  The ghost of Uximull the Devastator, an adept DsCA of Gozag (Spider:2)
  6 ancient champions
  A thorn hunter (Swamp:3)
  Aizul (Spider:1)
  3 storm dragons
  The ghost of SirDiesAlot the Zephyrmancer, an adept OpAl of Gozag (Swamp:3)
  A tengu reaver (Vaults:2)
  2 revenants
  A fenstrider witch (Swamp:3)
  5 fire giants
  An imperial myrmidon (Desolation)
  10 emperor scorpions
  An azure jelly (IceCv)
  Louise (Swamp:2)
  13 vault wardens
  3 frost giants
  2 balrugs
  3 ghost moths (Spider:4)
  4 deep elf sorcerers (Elf:3)
  2 curse skulls
  3 deep elf elementalists (Elf:3)
  6 ghouls
  A reaper (Depths:4)
  3 broodmothers
  13 ironbound preservers
  A cacodemon (Hell)
  A draconian annihilator (Depths:4)
  7 spriggan defenders
  21 very ugly things
  15 stone giants
  8 vampire knights
  3 formless jellyfish
  A green draconian (Depths:4)
  5 deep elf demonologists
  2 lorocyprocas
  2 red draconians (Depths:4)
  6 ironbound thunderhulks
  A black draconian (Depths:3)
  7 deep elf death magi
  The ghost of cforsyth the Fighter, a journeyman DjWr of the Shining One (Lair:2)
  The ghost of Atlas the Thaumaturge, a journeyman DsFE of Vehumet (D:13)
  A purple draconian (Depths:4)
  3 yellow draconians (Depths:4)
  4 eleionomae
  7 deep elf annihilators (Elf:3)
  12 dire elephants
  18 spark wasps
  6 eidola
  A bunyip (Swamp:3)
  2 white draconians
  A green death (Depths:2)
  15 jiangshi (Crypt:3)
  10 ettins
  2 crystal guardians
  9 entropy weavers
  5 fire dragons
  5 ice dragons
  7 deep elf high priests (Elf:3)
  13 ragged hierophants (Desolation)
  13 servants of whispers (Desolation)
  A fenstrider witch zombie (Crypt:2)
  2 great orbs of eyes (Vaults:3)
  Erolcha (D:9)
  A caustic shrike simulacrum (Crypt:3)
  10 yaktaur captains
  A rakshasa (Depths:2)
  10 peacekeepers
  12 alligators
  21 hydras
  24 vault guards
  A quicksilver dragon skeleton (Crypt:2)
  2 spriggan air magi
  11 centaur warriors
  7 jorogumos
  4 radroaches
  9 ironbound frosthearts
  5 catoblepae
  6 death knights
  10 death yaks
  A bennu skeleton (Crypt:1)
  7 boulder beetles
  7 deep troll earth magi
  A spriggan berserker (Depths:1)
  10 two-headed ogres
  10 dancing weapons
  2 deep troll shamans (Depths:4)
  An occultist (Depths:1)
  6 tengu warriors
  4 vampire magi
  3 orc high priests (Orc:2)
  A sphinx skeleton (Crypt:1)
  5 sun demons
  11 demonic crawlers
  5 soul eaters
  9 deep elf knights
  A titan skeleton (Crypt:3)
  25 skeletal warriors
  3 shadow wraiths (Crypt:3)
  6 pharaoh ants
  2 iron trolls
  A skyshark (Lair:5)
  3 glowing orange brains
  2 sixfirhies
  22 orb spiders
  14 bog bodies
  A sun moth (Spider:4)
  7 swamp dragons (Swamp:4)
  4 goliath frogs
  7 arcanists
  6 flayed ghosts
  58 deep trolls
  A spriggan simulacrum (Hell)
  An orange crystal statue (Spider:1)
  2 lindwurms (Vaults:3)
  3 spriggan druids
  8 orc knights
  A tengu zombie (Depths:1)
  An obsidian statue (D:13)
  4 phantasmal warriors
  16 deep elf zephyrmancers
  4 necromancers
  A harpy (shapeshifter) (D:15)
  5 harpies
  7 steelbarb worms
  6 deep elf archers
  16 deep elf pyromancers
  2 stone giant zombies (D:13)
  15 ironbound convokers
  A frost giant zombie (Depths:1)
  An elf skeleton (Vaults:2)
  20 wolf spiders
  5 orc sorcerers
  20 cyclopes
  8 will-o-the-wisps
  A tengu skeleton (Depths:1)
  31 ugly things
  An oklob plant (Lair:4)
  A fire giant zombie (Crypt:2)
  5 moths of wrath
  5 manticores
  3 meliai (Spider:2)
  An eleionoma skeleton (Crypt:2)
  An orange demon (Hell)
  A kobold blastminer (Orc:2)
  A molten gargoyle (Desolation)
  13 elephants
  4 guardian serpents (Desolation)
  3 ice statues (IceCv)
  3 black mambas
  A storm dragon simulacrum (Hell)
  Maggie (Lair:2)
  A gargoyle (D:13)
  10 cane toads
  19 vault sentinels
  A large abomination (Crypt:3)
  3 smoke demons
  An unseen horror (D:13)
  6 torpor snails
  A dire elephant skeleton (Crypt:1)
  6 rime drakes
  An efreet (D:13)
  A kobold demonologist (D:13)
  33 yaktaurs
  11 freezing wraiths
  7 komodo dragons
  3 tengu conjurers
  A yaktaur skeleton (Vaults:2)
  A troll (shapeshifter) (D:15)
  A death yak skeleton (Crypt:1)
  A green draconian skeleton (Crypt:1)
  A wind drake (shapeshifter) (D:13)
  9 trolls
  4 polar bears
  A blink frog (shapeshifter) (Elf:3)
  86 saltlings
  5 tyrant leeches
  13 hornets
  A polar bear (shapeshifter) (Elf:1)
  29 tarantellas
  A raiju (shapeshifter) (D:13)
  7 blink frogs
  A glass eye (Depths:3)
  3 spriggan zombies
  An ettin zombie (Crypt:2)
  A satyr zombie (Crypt:2)
  35 jumping spiders
  2 centaur simulacra
  An air elemental (Elf:1)
  An ice dragon skeleton (Crypt:2)
  A dire elephant simulacrum (Crypt:2)
  13 water elementals
  25 culicivoras
  43 slime creatures
  A black mamba zombie (Crypt:2)
  6 shadows
  12 wraiths
  19 spriggans
  3 small abominations (Crypt:3)
  44 yaks
  A satyr skeleton (Crypt:1)
  8 wyverns
  An ettin skeleton (Crypt:2)
  2 fire elementals
  6 basilisks
  6 wargs
  A steam dragon (D:9)
  56 redbacks
  12 vampire mosquitoes
  21 swamp worms
  2 harpy simulacra
  Duvessa (D:5)
  A hydra simulacrum (Crypt:3)
  An acid dragon (D:14)
  13 water moccasins
  A glowing shapeshifter skeleton (Crypt:1)
  2 great orb of eyes simulacra (IceCv)
  18 orc warriors
  8 swamp drakes
  38 laughing skulls
  5 black bears
  11 ogres
  2 sky beasts (D:7)
  2 boggarts
  2 centaurs
  33 wolves
  4 slime creature simulacra (IceCv)
  2 kobold brigands
  A rime drake zombie (Crypt:2)
  2 brain worms (Sewer)
  5 necrophages
  A gnoll sergeant (D:7)
  4 earth elementals
  4 scorpions
  2 cyclops zombies (D:13)
  4 glowing shapeshifter simulacra
  12 bullfrogs
  A komodo dragon skeleton (Crypt:1)
  Dowan (D:5)
  4 burial acolytes (Crypt:3)
  13 wights
  20 killer bees
  A wolf zombie (Crypt:2)
  5 howler monkeys
  3 electric eels
  A bombardier beetle (D:5)
  A hound (D:4)
  17 orc priests
  2 jellies
  2 gnoll boudas
  5 iguanas
  20 orc wizards
  3 shapeshifter simulacra (IceCv)
  A crocodile skeleton (Crypt:1)
  13 gnolls
  18 adders
  3 shadow imps
  5 white imps
  6 ufetubi
  A dart slug (D:2)
  A ribbon worm (D:2)
  50 orcs
  7 endoplasms
  6 giant cockroaches
  12 goblins
  9 hobgoblins
  2 jackals (D:1)
  2 quokkas
  7 ball pythons
  A ball python skeleton (Crypt:2)
  4 bats
  5 frilled lizards (Sewer)
  A frilled lizard skeleton (Crypt:1)
  11 kobolds
  12 rats
  A rat zombie (Crypt:2)
1997 creatures vanquished.

Vanquished Creatures (collateral kills)
  An ancient champion (Vaults:2)
  Agnes (Spider:1)
  A tengu reaver (Vaults:2)
  An imperial myrmidon (Desolation)
  An ironbound preserver (Vaults:2)
  An entropy weaver (Spider:1)
  A ragged hierophant (Desolation)
  A peacekeeper (Desolation)
  A centaur warrior (Vaults:1)
  2 deep elf knights
  3 deep elf zephyrmancers (Elf:1)
  An ironbound convoker (Desolation)
  A deep elf pyromancer (Elf:2)
  A wolf spider (Spider:1)
  2 deep elf archers
  A human zombie (Vaults:2)
  A guardian serpent (Desolation)
  2 yaktaurs
  8 saltlings (Desolation)
  A slime creature (D:13)
  A water elemental (Elf:1)
  A glowing shapeshifter zombie (Vaults:2)
34 creatures vanquished.

Vanquished Creatures (others)
  A broodmother (Spider:4)
  A deep elf knight (Elf:1)
  A redback (Spider:3)
  A centaur (shapeshifter) (Elf:1)
  16 foxfires
20 creatures vanquished.

Grand Total: 2051 creatures vanquished

Notes
Turn   | Place    | Note
-------+----------+-------------------------------------------
     0 | D:1      | cforsyth the Djinni Warper began the quest for the Orb.
     0 | D:1      | cforsyth set off with the following spells memorised:
                  | Blink, Lesser Beckoning, Teleport Other, Manifold Assault,
                  | Vhi's Electric Charge.
     0 | D:1      | Reached XP level 1. HP: 18/18 MP: 0/0
   209 | D:1      | Reached XP level 2. HP: 15/23 MP: 0/0
   596 | D:1      | Reached XP level 3. HP: 15/29 MP: 0/0
   596 | D:1      | Learned a level 1 spell: Freeze
  1085 | D:2      | Found a shimmering altar of Xom.
  1163 | D:1      | Reached XP level 4. HP: 29/35 MP: 0/0
  1789 | D:2      | Reached XP level 5. HP: 37/40 MP: 0/0
  1789 | D:2      | Learned a level 2 spell: Searing Ray
  2521 | D:3      | Found a glowing drain.
  2528 | Sewer    | Entered a sewer
  2672 | Sewer    | Reached XP level 6. HP: 41/47 MP: 0/0
  2955 | Sewer    | Reached skill level 5 in Fighting
  3610 | D:3      | Reached XP level 7. HP: 48/54 MP: 0/0
  3610 | D:3      | Learned a level 2 spell: Ensorcelled Hibernation
  4079 | D:4      | Found a staircase to the Ecumenical Temple.
  4397 | D:4      | Reached skill level 5 in Spellcasting
  4397 | D:4      | Reached skill level 5 in Conjurations
  4397 | D:4      | Reached skill level 5 in Hexes
  4397 | D:4      | Reached skill level 5 in Summonings
  4397 | D:4      | Reached skill level 5 in Necromancy
  4397 | D:4      | Reached skill level 5 in Translocations
  4397 | D:4      | Reached skill level 5 in Fire Magic
  4397 | D:4      | Reached skill level 5 in Ice Magic
  4397 | D:4      | Reached skill level 5 in Air Magic
  4397 | D:4      | Reached skill level 5 in Earth Magic
  4397 | D:4      | Reached skill level 5 in Alchemy
  4937 | D:5      | Entered Level 5 of the Dungeon
  5003 | D:5      | HP: 2/56 [white imp/puff of frost (9)]
  5572 | D:5      | Noticed Duvessa
  5602 | D:5      | Killed Duvessa
  5603 | D:5      | Reached XP level 8. HP: 20/62 MP: 0/0
  5623 | D:5      | Noticed Dowan
  5785 | D:5      | Found a blossoming altar of Fedhas.
  5829 | D:5      | Killed Dowan
  6750 | D:6      | Identified the +2 dagger "Onedaleh" {freeze, *Corrode rN+
                  | Dex+3}
  7622 | D:7      | Noticed a hornet
  7638 | D:6      | Killed a hornet
  7639 | D:6      | Reached XP level 9. HP: 9/70 MP: 0/0
  7639 | D:6      | Learned a level 4 spell: Airstrike
  8637 | D:7      | Identified the +8 rapier of Neckuemn {heavy, *Corrode rF+
                  | MP+9 Dex+2}
  9148 | D:7      | Found an ornate altar of the Wu Jian Council.
  9215 | D:8      | Noticed a two-headed ogre
  9297 | D:8      | Noticed an elephant
  9299 | D:8      | Noticed a death yak
  9462 | D:8      | Reached XP level 10. HP: 59/79 MP: 0/0
  9619 | D:8      | Reached skill level 10 in Fighting
  9719 | D:8      | Found a staircase to the Lair.
  9809 | D:8      | Killed a two-headed ogre
 10287 | D:8      | Killed an elephant
 10469 | D:8      | Found a hide-covered altar of Uskayaw.
 10667 | D:8      | Found Getrei's General Store.
 10840 | D:8      | Bought a scroll of teleportation for 42 gold pieces
 10840 | D:8      | Bought 2 potions of curing for 84 gold pieces
 11320 | D:8      | Killed a death yak
 11321 | D:8      | Reached XP level 11. HP: 9/88 MP: 0/0
 11321 | D:8      | Learned a level 4 spell: Cause Fear
 12265 | D:9      | Noticed Erolcha
 12275 | D:9      | Killed Erolcha
 12424 | D:9      | Found a staircase to the Orcish Mines.
 13778 | D:10     | Entered Level 10 of the Dungeon
 13869 | D:10     | Noticed a two-headed ogre
 13871 | D:10     | Killed a two-headed ogre
 13872 | D:10     | Reached skill level 10 in Spellcasting
 13872 | D:10     | Reached skill level 10 in Conjurations
 13872 | D:10     | Reached skill level 10 in Hexes
 13872 | D:10     | Reached skill level 10 in Summonings
 13872 | D:10     | Reached skill level 10 in Necromancy
 13872 | D:10     | Reached skill level 10 in Translocations
 13872 | D:10     | Reached skill level 10 in Fire Magic
 13872 | D:10     | Reached skill level 10 in Ice Magic
 13872 | D:10     | Reached skill level 10 in Air Magic
 13872 | D:10     | Reached skill level 10 in Earth Magic
 13872 | D:10     | Reached skill level 10 in Alchemy
 13954 | D:10     | Found a white marble altar of Elyvilon.
 14538 | D:11     | Noticed a two-headed ogre
 14543 | D:11     | Killed a two-headed ogre
 14962 | D:11     | Noticed a green ugly thing
 15392 | D:10     | Found a white marble altar of Elyvilon.
 15688 | D:10     | Found a white marble altar of Elyvilon.
 15909 | D:10     | Killed a green ugly thing
 15910 | D:10     | Reached XP level 12. HP: 89/98 MP: 0/0
 16265 | D:11     | Noticed a two-headed ogre
 16288 | D:11     | Killed a two-headed ogre
 17035 | D:12     | Found a portal to a secret trove of treasure.
 17214 | Lair:1   | Entered Level 1 of the Lair of Beasts
 18096 | Lair:2   | Noticed Maggie
 18100 | Lair:2   | Killed Maggie
 18104 | Lair:2   | Noticed a boulder beetle
 18406 | Lair:2   | Killed a boulder beetle
 18407 | Lair:2   | Reached XP level 13. HP: 74/106 MP: 0/0
 18407 | Lair:2   | Learned a level 5 spell: Metabolic Englaciation
 18501 | Lair:2   | Found a runed translucent door.
 18504 | Lair:2   | Noticed cforsyth's ghost (journeyman DjWr)
 18554 | Lair:2   | Found a hole to the Spider Nest.
 18635 | Lair:2   | Reached skill level 15 in Fighting
 18994 | Lair:2   | Noticed a seven-headed hydra
 18998 | Lair:2   | Killed a seven-headed hydra
 19454 | Lair:3   | Noticed a catoblepas
 19464 | Lair:3   | Killed a catoblepas
 19509 | Lair:3   | Noticed a six-headed hydra
 19549 | Lair:3   | Killed a six-headed hydra
 20364 | Lair:3   | Noticed a four-headed hydra
 20372 | Lair:2   | Killed a four-headed hydra
 21483 | Lair:3   | Found a staircase to the Swamp.
 21853 | Lair:4   | Reached XP level 14. HP: 107/117 MP: 0/0
 21861 | Lair:4   | Found a viscous altar of Jiyva.
 21861 | Lair:4   | Found a staircase to the Slime Pits.
 22732 | Lair:5   | Entered Level 5 of the Lair of Beasts
 26477 | Lair:5   | Reached XP level 15. HP: 111/126 MP: 0/0
 26477 | Lair:5   | Learned a level 6 spell: Eringya's Noxious Bog
 26715 | Orc:1    | Entered Level 1 of the Orcish Mines
 26757 | Orc:1    | Found a frozen archway.
 26904 | IceCv    | Entered an ice cave
 29184 | IceCv    | Found a viscous altar of Jiyva.
 29184 | IceCv    | Noticed an azure jelly
 29191 | IceCv    | Killed an azure jelly
 29274 | IceCv    | Got the ring "Lyick" {Ice Fly Str+3 Dex+2 Slay+2}
 30014 | Orc:2    | Entered Level 2 of the Orcish Mines
 30033 | Orc:2    | Found a staircase to the Elven Halls.
 30228 | Orc:2    | Found Larrodad's Luxury Loot.
 30258 | Orc:2    | Found a burning altar of Makhleb.
 30445 | Orc:2    | Bought a scroll of identify for 22 gold pieces
 30445 | Orc:2    | Identified 2 scrolls of acquirement
 30446 | Orc:2    | Acquired the +4 helmet of the Snake Pit {rC++}
 30882 | Orc:2    | Paralysed by an orc sorcerer for 3 turns
 31314 | Orc:2    | Found Nizae's Distillery.
 31314 | Orc:2    | Found Ythrel's Book Emporium.
 31316 | Orc:2    | Found Juxaivoi's Antique Armour Shop.
 31316 | Orc:2    | Found Aqoennime's Weapon Emporium.
 31322 | Orc:2    | Bought a potion of lignification for 45 gold pieces
 31322 | Orc:2    | Bought a potion of heal wounds for 75 gold pieces
 31322 | Orc:2    | Bought 2 potions of heal wounds for 150 gold pieces
 31330 | Orc:2    | Bought the +2 spear of Ravage {speed, rElec Will+++ Int-4
                  | SInv} for 852 gold pieces
 32211 | D:13     | Noticed Atlas's ghost (journeyman DsFE)
 32327 | D:13     | Reached skill level 15 in Spellcasting
 32327 | D:13     | Reached skill level 15 in Conjurations
 32327 | D:13     | Reached skill level 15 in Hexes
 32327 | D:13     | Reached skill level 15 in Summonings
 32327 | D:13     | Reached skill level 15 in Necromancy
 32327 | D:13     | Reached skill level 15 in Translocations
 32327 | D:13     | Reached skill level 15 in Fire Magic
 32327 | D:13     | Reached skill level 15 in Ice Magic
 32327 | D:13     | Reached skill level 15 in Air Magic
 32327 | D:13     | Reached skill level 15 in Earth Magic
 32327 | D:13     | Reached skill level 15 in Alchemy
 32516 | D:13     | Reached XP level 16. HP: 96/135 MP: 0/0
 32693 | D:13     | Found a gate to the Vaults.
 32736 | D:13     | Found a transporter.
 32753 | D:13     | Found a transporter.
 33100 | D:13     | Reached skill level 5 in Dodging
 34878 | D:13     | Identified the +4 broad axe "Iteurruph" {holy, Will+++
                  | Int+3 Dex-5 Stlth+}
 34880 | D:13     | Identified the +6 flail of Uzxa {speed, rC- Dex+8 SInv
                  | Stlth+}
 34908 | D:13     | Acquired the ring "Ywnopun" {rElec rPois Dex+3 SInv}
 35172 | D:14     | Found Dekicrau's Book Shop.
 35224 | D:14     | Found a flickering gateway to a bazaar.
 35233 | Bazaar   | Entered a bazaar
 35233 | Bazaar   | Found Gasaloaso's General Store.
 35243 | Bazaar   | Found Xoushroxt's Distillery.
 35251 | Bazaar   | Found Zahycad's Antique Weapon Boutique.
 35262 | Bazaar   | Found Dempa's Antique Armour Emporium.
 35273 | Bazaar   | Found Ulytuj's Jewellery Shop.
 35312 | Bazaar   | Bought 2 potions of haste for 160 gold pieces
 35462 | D:14     | Found Ifal's Distillery.
 35789 | D:14     | Found a glowing silver altar of Zin.
 35967 | D:14     | Found Inwibyka's General Store.
 35970 | D:14     | Bought a potion of heal wounds for 85 gold pieces
 36043 | D:15     | Entered Level 15 of the Dungeon
 36868 | D:15     | Found a staircase to the Depths.
 37484 | Spider:1 | Entered Level 1 of the Spider Nest
 37781 | Swamp:1  | Entered Level 1 of the Swamp
 38612 | Swamp:2  | Noticed Louise
 38951 | Swamp:2  | Reached XP level 17. HP: 133/141 MP: 0/0
 38951 | Swamp:2  | Learned a level 6 spell: Starburst
 39451 | Swamp:2  | Killed Louise
 39628 | Swamp:2  | You are sucked into a shaft and drop 1 floor!
 39632 | Swamp:3  | Reached skill level 10 in Dodging
 39869 | Swamp:3  | Noticed a thorn hunter
 40434 | Swamp:3  | Found a runed translucent door.
 40440 | Swamp:3  | Found a shimmering altar of Xom.
 40440 | Swamp:3  | Noticed SirDiesAlot's ghost (adept OpAl)
 41694 | Swamp:3  | Killed a thorn hunter
 42123 | Swamp:4  | Entered Level 4 of the Swamp
 43036 | Swamp:4  | Noticed the 27-headed Lernaean hydra
 44341 | Swamp:4  | Killed the 27-headed Lernaean hydra
 44342 | Swamp:4  | Reached XP level 18. HP: 71/148 MP: 0/0
 44468 | Swamp:4  | Identified the +3 scale mail "Lucuh" {rPois Str-2 Slay+4
                  | SInv}
 44612 | Swamp:4  | Got a decaying rune of Zot
 47344 | Spider:1 | Found a transporter.
 47397 | Spider:1 | Found a transporter.
 47434 | Spider:2 | Noticed Agnes
 47566 | Spider:2 | Noticed Arachne
 47566 | Spider:2 | Identified the serpent talisman "Put-Me-On" {rN+ Str+3
                  | Dex+3 Slay-5}
 47566 | Spider:2 | Noticed Aizul
 47929 | Spider:1 | Noticed Asterion
 47947 | Spider:1 | Killed Asterion
 48126 | Spider:1 | Identified the +0 scale mail of Ashenzari's Pride {Harm
                  | Stlth+}
 48793 | Elf:1    | Entered Level 1 of the Elven Halls
 48817 | Elf:1    | Found a crumbling gateway.
 48907 | Desolati | Entered the Desolation of Salt
 50223 | Desolati | Identified the ring of the Townfolk {AC+4 Int+5}
 50820 | Desolati | Identified the +0 ring mail of Wioqoged {-Tele Dex+5}
 51249 | Desolati | Reached skill level 15 in Dodging
 51405 | Desolati | Identified the ring of Zommoska {Will+ Int+2 Dex+6}
 51741 | Desolati | Reached XP level 19. HP: 88/154 MP: 0/0
 51741 | Desolati | Learned a level 7 spell: Monstrous Menagerie
 52166 | Desolati | Found the +7 sceptre of Torment {pain, torment}
 52179 | Desolati | Identified the +1 halberd of the Hidden Vale {elec, ^Contam
                  | Int+4}
 53096 | Elf:1    | Found Jegifol's Magic Scroll Shop.
 53125 | Elf:1    | Bought a scroll of blinking for 112 gold pieces
 54041 | Elf:2    | Found Rahi Ehuokk's General Store.
 54043 | Elf:2    | Found Zeenosm's General Store.
 54156 | Elf:2    | Found Zyles Zacwa's Antique Weapon Emporium.
 54701 | Elf:2    | Bought a +2 pair of gloves of dexterity for 408 gold pieces
 54957 | Elf:2    | Found Nafeih's Antique Weapon Shop.
 55096 | Elf:2    | Found Cohax's General Store.
 55238 | Elf:2    | Found a runed translucent gate.
 55238 | Elf:2    | Found a runed translucent gate.
 55244 | Elf:2    | Found a runed translucent gate.
 55244 | Elf:2    | Noticed Norris
 55763 | Vaults:1 | Entered Level 1 of the Vaults
 57881 | Vaults:1 | Reached XP level 20. HP: 137/160 MP: 0/0
 58760 | Vaults:1 | Found Xoutebb's Jewellery Shoppe.
 59365 | Vaults:2 | Found Tyim Poopp's Book Shop.
 59858 | Vaults:2 | Noticed Mara
 59866 | Vaults:2 | Noticed cforsyth's illusion
 59871 | Vaults:2 | Killed Mara
 59872 | Vaults:2 | Reached skill level 1 in Shields
 60126 | Vaults:2 | Noticed Xtahua
 60140 | Vaults:2 | Identified the dragon-blood talisman of Liberalism {rCorr
                  | Stlth+}
 60140 | Vaults:2 | Noticed Bai Suzhen
 60881 | Vaults:2 | Found a staircase to the Crypt.
 61318 | Vaults:2 | Noticed Sojobo
 61778 | Spider:1 | Killed Agnes
 62197 | Spider:2 | Noticed Jorgrun
 62207 | Spider:1 | Reached skill level 5 in Shields
 62628 | Spider:1 | Killed Jorgrun
 63344 | Spider:1 | Killed Aizul
 63535 | Spider:2 | Killed Arachne
 64088 | Spider:2 | Reached XP level 21. HP: 107/166 MP: 0/0
 64088 | Spider:2 | Learned a level 8 spell: Lehudib's Crystal Spear
 64325 | Spider:2 | Found a runed translucent door.
 64388 | Spider:2 | You are sucked into a shaft and drop 1 floor!
 64637 | Spider:2 | Noticed Uximull's ghost (adept DsCA)
 66087 | Vaults:2 | Killed Sojobo
 66680 | Spider:4 | Entered Level 4 of the Spider Nest
 67633 | Spider:4 | Reached skill level 10 in Shields
 68466 | Spider:4 | Reached XP level 22. HP: 164/173 MP: 0/0
 68547 | Spider:4 | Got a gossamer rune of Zot
 68909 | Vaults:2 | Found Rien Fer's Weapon Shop.
 68956 | Vaults:2 | Killed Bai Suzhen
 69264 | Vaults:2 | Killed Xtahua
 69470 | Vaults:2 | Found Tyim Poopp's Book Shop.
 70032 | Vaults:2 | Found a staircase to the Crypt.
 70081 | Vaults:2 | Found Rien Fer's Weapon Shop.
 71066 | Vaults:3 | Noticed Jory
 71072 | Vaults:3 | Killed Jory
 72811 | Vaults:4 | Reached XP level 23. HP: 152/178 MP: 0/0
 72811 | Vaults:4 | Learned a level 7 spell: Orb of Destruction
 73069 | Vaults:4 | Found Titotrac's Antique Weapon Boutique.
 73355 | Vaults:4 | Found Haukif's Jewellery Shoppe.
 74697 | Elf:3    | Entered Level 3 of the Elven Halls
 75364 | Elf:3    | Identified the +5 falchion "Bymefibb" {vamp, rPois rF++
                  | Will-}
 75364 | Elf:3    | Identified the +11 war axe of Foolhardiness {venom, rF++
                  | Stlth+}
 76378 | Elf:3    | Identified the +4 ring mail of Oneemut {Slay+4 SInv}
 76727 | Elf:3    | Identified the +6 chain mail of Duqug {Rampage rElec
                  | Stlth+}
 77190 | Depths:1 | Entered Level 1 of the Depths
 77198 | Depths:1 | Reached XP level 24. HP: 139/181 MP: 0/0
 77224 | Depths:1 | Found Deext's General Store.
 77256 | Depths:1 | Found Xegigh's Weapon Boutique.
 77387 | Depths:1 | Found a gateway to Hell.
 77716 | Depths:1 | Found a one-way gate to the infinite horrors of the Abyss.
 77761 | Depths:1 | Identified the +3 leather armour of Miracles {rN+}
 78253 | Depths:2 | Found a one-way gate leading to the halls of Pandemonium.
 78286 | Depths:2 | Identified the +0 leather armour of Kiacieshra {rPois rC+
                  | Dex+2 Stlth+}
 78944 | Depths:2 | Identified the +1 leather armour of Xoapaidgh {Int+4}
 78944 | Depths:2 | Identified the ring of Hospitality {Str+4 Dex+6}
 79384 | Depths:3 | Found a stormy altar of Qazlal.
 79702 | Depths:3 | Found a one-way gateway to a ziggurat.
 80068 | Depths:3 | Found a broken altar of Ashenzari.
 80262 | Depths:3 | Reached XP level 25. HP: 178/191 MP: 0/0
 80262 | Depths:3 | Learned a level 8 spell: Summon Horrible Things
 80976 | Depths:4 | Entered Level 4 of the Depths
 81444 | Depths:4 | Found a gate to the Realm of Zot.
 81515 | Depths:4 | Noticed the Enchantress
 81599 | Depths:4 | Killed the Enchantress
 82304 | Depths:4 | Noticed a juggernaut
 82309 | Depths:4 | Killed a juggernaut
 83121 | Depths:4 | Found a gate to the Realm of Zot.
 83786 | Crypt:1  | Entered Level 1 of the Crypt
 84247 | Crypt:1  | Noticed Zenata
 84759 | Crypt:1  | Killed Zenata
 85067 | Vaults:2 | HP: 1/189 [jiangshi[a curse skull] (13)]
 86158 | Crypt:1  | Noticed Boris
 86165 | Crypt:1  | Killed Boris
 87136 | Crypt:2  | Identified the +1 leather armour of Jicvaukk {Str+6 Int+3}
 87544 | Crypt:3  | Entered Level 3 of the Crypt
 87560 | Crypt:3  | Found the +7 great mace "Firestarter" {flame, immolate,
                  | rFlCloud rF++}
 87951 | Crypt:3  | Reached XP level 26. HP: 190/197 MP: 0/0
 88716 | Crypt:3  | Found the ring of the Hare {EV+10}
 89702 | Crypt:3  | Found a staircase to the Tomb.
 89702 | Crypt:3  | Found the +8 demon blade "Leech" {evervamp, Harm ^Drain
                  | rN+}
 90255 | D:13     | Reached skill level 27 in Spellcasting
 90255 | D:13     | Reached skill level 27 in Conjurations
 90255 | D:13     | Reached skill level 27 in Hexes
 90255 | D:13     | Reached skill level 27 in Summonings
 90255 | D:13     | Reached skill level 27 in Necromancy
 90255 | D:13     | Reached skill level 27 in Translocations
 90255 | D:13     | Reached skill level 27 in Fire Magic
 90255 | D:13     | Reached skill level 27 in Ice Magic
 90255 | D:13     | Reached skill level 27 in Air Magic
 90255 | D:13     | Reached skill level 27 in Earth Magic
 90255 | D:13     | Reached skill level 27 in Alchemy
 90260 | D:13     | Killed Atlas's ghost
 90683 | Lair:2   | Killed cforsyth's ghost
 90831 | Swamp:3  | Killed SirDiesAlot's ghost
 90837 | Swamp:3  | Identified the +0 battleaxe "Manor" {venom, Will- MP+9
                  | Int+7}
 91226 | Spider:1 | Identified the amulet of Juahyve {RegenMP -Tele Str+6}
 91228 | Spider:1 | Identified the ring "Fedem" {rElec rPois Int+2 SInv}
 91284 | Spider:2 | Killed Uximull's ghost
 91289 | Spider:2 | Identified the staff "Pyrialew" {rElec Earth}
 91566 | Hell     | Entered the Vestibule of Hell
 91566 | Hell     | Noticed Geryon
 91571 | Hell     | Killed Geryon
 91795 | Hell     | Gained mutation: You are occasionally teleported next to
                  | monsters. [a cacodemon]
 92082 | D:12     | You paid a toll of the horn of Geryon to enter a treasure
                  | trove
 92083 | Trove    | Entered a treasure trove
 92308 | Vaults:5 | Entered Level 5 of the Vaults
 92309 | Vaults:5 | Noticed a dread lich
 92313 | Vaults:5 | Identified the orb "Wazatua" {*channel, Str+3 Dex-2}
 92313 | Vaults:5 | Noticed Frederick
 92314 | Vaults:5 | Reached skill level 5 in Armour
 92317 | Vaults:4 | Demolished by a titan

Illustrated notes

Levels and vault maps discovered:
D:1:      matt_arrival_debris, layout_loops_corners
D:2:      layout_basic, basic_altar, lemuel_flame_loot_1
D:3:      layout_loops_ring, lightli_sewer_entry_pipes, feat_on_display
D:4:      layout_basic, minmay_temple_entry_statues_pillars
D:5:      layout_cave_pools, mainiacjoe_overflow_catwalk, serial_demonic,
          serial_demonic_a, serial_demonic_f, serial_demonic_c,
          serial_demonic_d, uniq_duvessa
D:6:      layout_gridville
D:7:      layout_rooms, nicolae_wu_jian_immortal_techniques,
          minmay_misc_feat_four_crosses, st_stairs_1
D:8:      layout_basic, mainiacjoe_overflow_alcove_2, david_lair_generic,
          serial_co_window_serial, co_window_paths_a, co_window_corner_a,
          co_window_paths_a, co_window_corner_a, co_window_paths_a,
          co_window_corner_a, co_window_corner_b, co_window_corner_ca,
          co_window_2corner, co_window_cross_2, co_window_4corner_b,
          serial_shops, nicolae_square_shop, hangedman_decor_riveting
D:9:      layout_roguey, david_orc_1_choice, uniq_erolcha
D:10:     layout_big_octagon, elyvilon_altar_1, kb_lookout_dungeons_type,
          kennysheep_potato
D:11:     layout_gridville, nicolae_sextant
D:12:     layout_rooms, nicolae_trove_entry_diagonal
D:13:     giant_chief_lemuel, layout_irregular_city, david_vaults_1,
          nzn_ghost_randoct
D:14:     layout_loops_ring, serial_shops, bzr_entry_lakeside,
          nicolae_shop_rolling_square, shop, kennysheep_mini, moated_statue,
          zin_academy
D:15:     hangedman_depths_entry_try_elsewhere_first, layout_irregular_city,
          minivault_24
Lair:1:   layout_hall_layers, grunt_megastairs_3
Lair:2:   layout_hall_layers, nicolae_spider_entry_non_spiders,
          ebering_ghost_reflecting_pool, dreamdust_gnoll_shepherd, uniq_maggie
Lair:3:   layout_misc_corridors, mainiacjoe_swamp_entry_angry_trees,
          infiniplex_staircase_pool_2
Lair:4:   layout_layer_cave, slime_entry_1
Lair:5:   evilmike_catoblepas_cave, layout_hall_layers
Swamp:1:  nicolae_swamp_secret_spriggan_hideout, layout_falls_marsh,
          evilmike_swamp_ruin_house_1
Swamp:2:  layout_basic_swamp, nicolae_swamp_very_dense_foliage, uniq_louise
Swamp:3:  layout_basic_swamp, ebering_ghost_xom, evilmike_swamp_ruin_house_5,
          swamp_pool_4, nicolae_swamp_no_escape
Swamp:4:  grunt_swamp_rune_castle, layout_basic_swamp, swamp_pool_1_2
Spider:1: gammafunk_sealed_arena, uniq_asterion
Spider:2: layout_spider_delve, ebering_ghost_inner_flame, drop_trap,
          nicolae_spider_wall_of_niches, uniq_agnes, uniq_arachne, uniq_aizul,
          uniq_jorgrun
Spider:3: cheibrodos_forgotten_conduit, nicolae_spider_shape,
          hangedman_spider_tarantella_strand
Spider:4: grunt_spider_rune_circles
Orc:1:    layout_diamond_mine, portal_ice_cave_entry_animals_and_master
Orc:2:    grunt_orc_tribal_feast, layout_diamond_mine, basic_altar,
          nicolae_alphabet_shops
Elf:1:    layout_onion_city, serial_shops, nicolae_shop_window_shopping,
          portal_desolation_entry_nicolae_nacl, evilmike_minifort,
          amcnicky_mini_pool_small
Elf:2:    nicolae_elf_blades_splatter_lattice
          [nicolae_vaults_blade_armed_guards], layout_loops_ring, serial_shops,
          shop, nicolae_shop_tiny_waterfront, nicolae_shop_behind_doors,
          nicolae_shop_advertising_works [nicolae_subvault_shop_adworks], shop,
          basic_altar, lemuel_upstairs_altar, uniq_norris
Elf:3:    minmay_elf_hall_not_hex, layout_loops_corners
Vaults:1: v_misc_17, nicolae_vaults_rhombus_7, hangedman_vaults_hat,
          nicolae_vaults_offset_grid_hallway_3, nicolae_vaults_asterisk,
          nicolae_vaults_what_the_h, nicolae_vaults_tetromino_L_1,
          vaults_dpeg_diagonal, nicolae_vaults_little_squares_3,
          nicolae_vaults_tetromino_Z_1, layout_vaults_quadrants, serial_shops,
          shop
Vaults:2: minmay_crypt_entry_simple_box, vaults_room_boxed,
          grunt_vaults_hallway_long, nicolae_vaults_taking_the_gang_shopping,
          hangedman_vaults_impose, vaults_dpeg_hooks,
          nicolae_vaults_closet_pinwheel_1, nicolae_vaults_alarming,
          ontoclasm_vaults_shuriken, nicolae_vaults_surprise_closet,
          vaults_dpeg_encased_lava, nicolae_vaults_tetromino_L_1,
          layout_vaults_chaotic_city, serial_shops, shop, uniq_xtahua,
          uniq_mara, uniq_bai_suzhen, uniq_sojobo
Vaults:3: dpeg_vaults_monster_box, vaults_room_pool, v_misc_18,
          nicolae_vaults_border_crossing, nicolae_vaults_prndl,
          hangedman_vaults_slice, nicolae_vaults_oval_intersection, v_rooms_2,
          nicolae_vaults_door_testing_chamber, nicolae_vaults_trapezoid_1,
          nicolae_vaults_theta, layout_vaults_omnicross, uniq_margery, uniq_jory
Vaults:4: nicolae_vaults_stepped_doors, v_misc_24, grunt_vaults_twisty,
          nicolae_vaults_diffraction_hallways, ontoclasm_vaults_twist,
          grunt_vaults_diagonal, v_pattern_5, nicolae_vaults_heist,
          hangedman_vaults_trim, nicolae_vaults_apartment_2, grunt_vaults_focal,
          nicolae_vaults_spaceships, nicolae_vaults_ring_of_whatevers,
          layout_vaults_omnibox, serial_shops, shop, shop
Vaults:5: uniq_frederick
Crypt:1:  layout_misc_corridors, grunt_ministairs_15,
          roderic_lattice_octagonal_star, grunt_crypt_arrival_webbed,
          uniq_boris, uniq_zenata
Crypt:2:  layout_catacombs
Crypt:3:  grunt_crypt_end_deaths_head
Depths:1: layout_cave_shapes, abyss_entry, hell_entry, nrook_mini_backslash,
          kb_rosetta, serial_bayou_shore_b, minmay_shop_star, grunt_megastairs_5
Depths:2: evilmike_lava_path, layout_gridlike, rand_demon_pan_entry_3,
          serial_curves, eino_curves_02, eino_curves_01, hell_entry,
          firewood_loft
Depths:3: minmay_inside_and_out, layout_cave_shapes, enter_ziggurat_b,
          lightli_too_deep, abyss_entry, grunt_qazlal_clouds,
          grunt_pan_entry_zigzag, cheibrodos_ashenzari_chains
Depths:4: grunt_twist_and_shout, layout_honeycomb, hell_entry,
          grunt_pan_entry_in_and_out, uniq_enchantress
Hell

Skill      XL: |  1  2  3  4  5  6  7  8  9 10 11 12 13 14 15 16 17 18 19 20 21 22 23 24 25 26 |
---------------+-------------------------------------------------------------------------------+-----
Spellcasting   | 3 4 5 6 7 9 10 11 12 14 15 16 17 18 19 20 21 23 24 26 27 | 27.0
Conjurations   | 3 4 5 6 7 9 10 11 12 14 15 16 17 18 19 20 21 23 24 26 27 | 27.0
Hexes          | 3 4 5 6 7 9 10 11 12 14 15 16 17 18 19 20 21 23 24 26 27 | 27.0
Summonings     | 3 4 5 6 7 9 10 11 12 14 15 16 17 18 19 20 21 23 24 26 27 | 27.0
Necromancy     | 3 4 5 6 7 9 10 11 12 14 15 16 17 18 19 20 21 23 24 26 27 | 27.0
Translocations | 3 4 5 6 7 9 10 11 12 14 15 16 17 18 19 20 21 23 24 26 27 | 27.0
Fire Magic     | 3 4 5 6 7 9 10 11 12 14 15 16 17 18 19 20 21 23 24 26 27 | 27.0
Ice Magic      | 3 4 5 6 7 9 10 11 12 14 15 16 17 18 19 20 21 23 24 26 27 | 27.0
Air Magic      | 3 4 5 6 7 9 10 11 12 14 15 16 17 18 19 20 21 23 24 26 27 | 27.0
Earth Magic    | 3 4 5 6 7 9 10 11 12 14 15 16 17 18 19 20 21 23 24 26 27 | 27.0
Alchemy        | 3 4 5 6 7 9 10 11 12 14 15 16 17 18 19 20 21 23 24 26 27 | 27.0
Fighting       | 3 4 5 6 8 9 11 13 14 16 18 19 | 19.8
Dodging        | 3 9 13 15 17 18 | 18.8
Shields        | 6 10 12 | 12.5
Armour         | 5 |  5.1
Long Blades    | |  1.7
Throwing       | |  0.7

Action                     |  1- 3 |  4- 6 |  7- 9 | 10-12 | 13-15 | 16-18 | 19-21 | 22-24 | 25-27 || total
---------------------------+-------+-------+-------+-------+-------+-------+-------+-------+-------++-------
  Melee: Falchion          |    63 |     1 |       |       |       |       |       |       |       ||    64
         Punch             |     1 |       |       |       |       |       |       |       |       ||     1
         Whip              |       |     3 |       |     2 |     2 |       |       |       |       ||     7
         Spear             |       |       |       |       |       |     2 |       |       |       ||     2
         Broad axe         |       |       |       |       |       |       |     5 |       |       ||     5
  Throw: Dart              |     3 |       |       |       |       |       |       |       |       ||     3
   Cast: Freeze            |    22 |    75 |     6 |       |       |       |       |       |       ||   103
         Blink             |       |     2 |     1 |     5 |     6 |     6 |     3 |       |       ||    23
         Searing Ray       |       |    17 |    60 |    16 |       |       |       |       |       ||    93
         Ensorcelled Hiber |       |       |     2 |       |       |       |       |       |       ||     2
         Teleport Other    |       |       |     1 |       |       |       |     2 |       |       ||     3
         Airstrike         |       |       |    66 |   310 |   942 |  1057 |   772 |   340 |   262 ||  3749
         Metabolic Englaci |       |       |       |       |    39 |    21 |    17 |     9 |       ||    86
         Cause Fear        |       |       |       |       |     2 |     3 |     4 |       |       ||     9
         Eringya's Noxious |       |       |       |       |     3 |    13 |     1 |     9 |       ||    26
         Lesser Beckoning  |       |       |       |       |       |     1 |    24 |    12 |       ||    37
         Starburst         |       |       |       |       |       |    19 |   226 |    84 |    44 ||   373
         Monstrous Menager |       |       |       |       |       |       |    49 |     1 |       ||    50
         Lehudib's Crystal |       |       |       |       |       |       |    31 |   376 |   343 ||   750
         Orb of Destructio |       |       |       |       |       |       |       |    14 |     9 ||    23
  Evoke: Wand              |       |       |       |     2 |     8 |       |       |       |       ||    10
    Use: Scroll            |       |     6 |     6 |     3 |    11 |    16 |     9 |     3 |     4 ||    58
         Potion            |       |       |     1 |       |     3 |       |       |    13 |     4 ||    21
 Armour: Leather armour    |    56 |    56 |    78 |    53 |       |       |       |       |   122 ||   365
         Troll leather arm |       |       |       |    42 |   199 |   369 |   345 |   190 |    48 ||  1193
  Dodge: Dodged            |    76 |    49 |    64 |    85 |   228 |   349 |   496 |   163 |   177 ||  1687
  Block: Buckler           |       |       |       |       |       |       |    33 |    88 |    90 ||   211
         Reflection        |       |       |       |       |       |       |       |    16 |     2 ||    18

Table legend: (Time is in decaauts)
 A = Elapsed time spent in this place.
 B = Non-inter-level travel time spent in this place.
 C = Inter-level travel time spent in this place.
 D = Time resting spent in this place.
 E = Time spent auto-exploring this place.
 F = Levels seen in this place.
 G = Mean time per level.
                   A        B        C        D        E       F      G
               +--------+--------+--------+--------+--------+-----+--------+
         Total |  92512 |  86248 |   6264 |  28848 |  42569 |  51 | 1814.0 |
       Dungeon |  26721 |  23988 |   2733 |   6358 |  14328 |  15 | 1781.4 |
          Lair |  11376 |  10568 |    808 |   4639 |   4080 |   5 | 2275.2 |
         Swamp |   7135 |   6933 |    202 |   3829 |   1959 |   4 | 1783.8 |
   Spider Nest |   9174 |   8855 |    319 |   4344 |   2891 |   4 | 2293.5 |
  Orcish Mines |   2435 |   2019 |    416 |    465 |    965 |   2 | 1217.5 |
   Elven Halls |   4816 |   4311 |    505 |    241 |   3213 |   3 | 1605.3 |
        Vaults |  11815 |  11016 |    799 |   3005 |   6436 |   5 | 2363.0 |
         Crypt |   4805 |   4702 |    103 |    887 |   2818 |   3 | 1601.7 |
        Depths |   6933 |   6557 |    376 |   1765 |   3844 |   4 | 1733.2 |
          Hell |     31 |     31 |      0 |      0 |      0 |   1 |   31.0 |
        Bazaar |     85 |     85 |      0 |      0 |     52 |   1 |   85.0 |
         Trove |     77 |     77 |      0 |      0 |      0 |   1 |   77.0 |
         Sewer |    652 |    652 |      0 |     77 |    476 |   1 |  652.0 |
      Ice Cave |   2568 |   2568 |      0 |   1574 |    300 |   1 | 2568.0 |
    Desolation |   3881 |   3881 |      0 |   1664 |   1207 |   1 | 3881.0 |
               +--------+--------+--------+--------+--------+-----+--------+

Top non-repeatable levels by time:
    D:13: 5722 daAuts
Vaults:2: 5447 daAuts
Spider:1: 4608 daAuts
Desolation: 3881 daAuts
  Lair:2: 3768 daAuts
     D:8: 3236 daAuts
  Lair:4: 2792 daAuts
   IceCv: 2568 daAuts
 Crypt:3: 2508 daAuts
Depths:4: 2466 daAuts
Vaults:1: 2280 daAuts
     D:9: 2227 daAuts
Vaults:3: 2224 daAuts
   Elf:3: 2195 daAuts
 Swamp:4: 2163 daAuts
